 Dungeon Crawl Stone Soup version 0.28.0-1-gb440e238dd (webtiles) character file.

Game seed: 1731083639452840034

145114 Strat the Warrior (level 16, -4/155 HPs)
             Began as a Green Draconian Cinder Acolyte on Feb 19, 2022.
             Was a High Priest of Ignis.
             Slain by a ghost moth (15 damage)
             ... on level 4 of the Spider Nest.
             The game lasted 02:18:46 (44933 turns).

Strat the Warrior (Green Draconian Cinder Acolyte) Turns: 44933, Time: 02:18:47

Health: -4/155     AC: 16    Str: 12 (20) XL:     16   Next: 86%
Magic:  0/20       EV: 17    Int:  8 (14) God:    Ignis [*****.]
Gold:   2182       SH: 13    Dex:  7 (13) Spells: 8/21 levels left

rFire   + + .      SeeInvis .   a - +4 scimitar (flame)
rCold   . . .      Faith    .   I - +1 kite shield {reflect}
rNeg    . . .      Spirit   .   (armour unavailable)
rPois   +          Reflect  +   (helmet restricted)
rElec   .          Harm     .   N - +0 cloak
rCorr   .          Rampage  .   e - +2 pair of gloves {Str+3}
Will    +....                   V - +2 pair of boots
Stlth   +++.......              k - amulet "Texkel" {Acrobat Regen+ Stlth+}
HPRegen 1.15/turn               A - +4 ring of evasion
MPRegen 0.17/turn               R - ring of protection from fire

@: short of breath
A: breathe noxious fumes, AC +9, unfitting armour, stinger 1, poison resistance,
cold-blooded, deterioration 1, weak 1, no potion heal 1
a: Breathe Noxious Fumes, Renounce Religion, Fiery Armour, Foxfire Swarm, Rising
Flame


You were on level 4 of the Spider Nest.
You worshipped Ignis.
Ignis was extremely pleased with you.
You visited 4 branches of the dungeon, and saw 27 of its levels.
You visited the Abyss 1 time.
You also visited: Volcano.

You collected 2778 gold pieces.
You spent 596 gold pieces at shops.

Inventory:

Hand Weapons
 a - a +4 scimitar of flaming (weapon)
 D - a +1 long sword of electrocution
Missiles
 d - 730 stones (quivered)
 g - a throwing net
 m - 5 curare-tipped darts
 p - 52 poisoned darts
Armour
 e - a +2 pair of gloves of strength (worn)
 j - a +0 buckler
 I - a +1 kite shield of reflection (worn)
 N - a +0 cloak (worn)
 V - a +2 pair of boots (worn)
Jewellery
 c - a ring of protection from cold
 k - the amulet "Texkel" (around neck) {Acrobat Regen+ Stlth+}
   (You found it on level 9 of the Dungeon)

   [amulet of the acrobat]

   It increases your evasion while moving and waiting.
   Regen:     It increases your rate of health regeneration.
   Stlth:     It makes you more stealthy.
 n - a +6 ring of dexterity
 o - a ring of resist corrosion
 r - a ring of flight
 A - a +4 ring of evasion (left hand)
 B - a ring of willpower
 L - an amulet of reflection
 R - a ring of protection from fire (right hand)
Wands
 u - a wand of charming (5)
 w - a wand of flame (7)
 y - a wand of iceblast (2)
 z - a wand of polymorph (8)
Scrolls
 f - 25 scrolls of identify
 l - 2 scrolls of teleportation
 v - 3 scrolls of enchant weapon
 F - a scroll of summoning
 J - 4 scrolls of magic mapping
Potions
 h - 2 potions of brilliance
 i - a potion of resistance
 q - a potion of might
 s - 7 potions of curing
 t - 3 potions of haste
 x - 7 potions of lignification
 C - a potion of cancellation
 E - a potion of berserk rage {unknown}
 H - a potion of attraction
 M - 2 potions of ambrosia


   Skills:
 - Level 17.0 Fighting
 - Level 14.0 Long Blades
 - Level 10.0 Dodging
 - Level 5.0 Stealth
 + Level 14.6 Shields
 - Level 3.0 Spellcasting
 - Level 2.6 Hexes
 - Level 5.9 Necromancy
 - Level 4.0 Fire Magic
 - Level 7.7 Ice Magic
 - Level 10.0 Evocations


You had 8 spell levels left.
You knew the following spells:

 Your Spells              Type           Power      Damage    Failure   Level
a - Scorch                Fire           14%        2d5       17%         2
b - Frozen Ramparts       Ice            26%        1d4       8%          3
c - Animate Dead          Necr           5%         N/A       45%         4
d - Anguish               Hex/Necr       4%         N/A       69%         4

Your spell library contained the following spells:

 Spells                   Type           Power      Damage    Failure   Level
 Freeze                   Ice            52%        1d7       2%          1
 Sublimation of Blood     Necr           10%        N/A       8%          2
 Ensorcelled Hibernation  Hex/Ice        18%        N/A       11%         2
 Corpse Rot               Necr/Air       10%        N/A       26%         2
 Sandblast                Erth           2%         2d4       50%         1
 Sting                    Tmut/Pois      4%         1d3       50%         1
 Confusing Touch          Hex            5%         N/A       52%         3
 Passwall                 Tmut/Erth      0%         N/A       65%         2
 Poisonous Vapours        Pois/Air       2%         N/A       65%         2
 Hailstorm                Conj/Ice       7%         3d4       75%         4
 Lesser Beckoning         Tloc           1%         N/A       86%         3
 Spider Form              Tmut/Pois      1%         N/A       86%         3
 Stone Arrow              Conj/Erth      2%         3d7       86%         3
 Fulminant Prism          Conj/Hex       1%         3d6       98%         4
 Iskenderun's Mystic Bla  Conj/Tloc      1%         2d3       99%         4
 Petrify                  Tmut/Erth      1%         N/A       99%         4
 Blade Hands              Tmut           0%         N/A       100%        5
 Irradiate                Conj/Tmut      0%         3d13      100%        5
 Lee's Rapid Deconstruct  Erth           0%         3d5*      100%        5
 Yara's Violent Unravell  Hex/Tmut       1%         3d3       100%        5
 Iron Shot                Conj/Erth      0%         9d1       100%        6
 Enfeeble                 Hex            2%         N/A       100%        7
 Haunt                    Necr/Summ      2%         N/A       100%        7
 Infestation              Necr           5%         N/A       100%        8
 Animate Armour           Summ/Erth      Unusable   N/A       N/A         4

Dungeon Overview and Level Annotations

Branches:
Dungeon (15/15)            Temple (0/1) D:7            Lair (6/6) D:8
 Shoals (0/4) Lair:3       Spider (4/4) Lair:2        Slime (0/5) Lair:5
    Orc (2/2) D:9             Elf (0/3) Orc:2        Vaults (0/5) D:13
 Depths (0/4) D:15        Volcano (visited)

Altars:
Ashenzari
Cheibriados
Elyvilon
Fedhas
Nemelex Xobeh
Qazlal
Sif Muna
Trog
Vehumet
Zin

Shops:
D:1 (   D:5 [   D:10 !   D:11 (   D:14 =   Orc:2 *([[*

Annotations:
D:11 3 runed translucent doors, horus123's ghost, journeyman DrAE
Lair:1 Gastronok
Lair:4 1 runed translucent door, Snorg
Lair:5 exclusion: oklob plant
Spider:1 3 runed translucent doors, Aizul
Spider:4 Arachne


Innate Abilities, Weirdness & Mutations

You can breathe blasts of noxious fumes.
Your lurid green scales are hard. (AC +9)
You cannot fit into any form of body armour.
Your tail ends in a venomous barb.
Your system is resistant to poisons. (rPois)
You are cold-blooded and may be slowed by cold attacks.
Your body sometimes deteriorates upon taking damage.
You are weak. (Str -2)
Potions are less effective at restoring your health.


Message History

* * * LOW HITPOINT WARNING * * *
You feel weakened. Something stings you.
* * * LOW HITPOINT WARNING * * *
You feel dopey.
You can't see any enemies this would affect, really read the scroll of fear?
As you read the scroll of fear, it crumbles to dust.
You assume a fearsome visage.
Nothing appears to happen.
You feel you are being watched by something.
Something hits you!
* * * LOW HITPOINT WARNING * * *
You feel clumsy. Something hits you but does no damage.
You block something's attack.
Your system partially rejects the healing.
You feel better. Something hits you!
* * * LOW HITPOINT WARNING * * *
Something hits you!
* * * LOW HITPOINT WARNING * * *
You feel dopey. Something stings you.
* * * LOW HITPOINT WARNING * * *
You feel clumsy.
Activating: Foxfire Swarm
Press: ? - help, Dir - look around, f - activate Flames leap up around you!
Something closely misses you. You block something's attack.
Something stings you.
* * * LOW HITPOINT WARNING * * *
You feel weakened.
Your system partially rejects the healing.
You feel better.
The foxfire hits something but does no damage.
The foxfire hits something.
The foxfire hits something but does no damage.
The foxfire hits something.
Your foxfire passes through a web.
The foxfire hits something but does no damage. x2
You feel you are being watched by something.
You feel your power leaking away. Something hits you!
You die...

#..^.##....^)#.
######..^..#..#.##
#...###...##..####
#..##.^.^^#^...##^
##......#.#^####..
## #..[..#.####
#....
#^^#####..###
##.^#
##.§§v##...^# ####
#..§v@v..#.##
##### ######{..###
###^#.# #...^###
#####.#...#
#^...^....##
##.#.......#
#####..##.#
#.......^#.^ ....#
### ##..^#####..
#.... #..###....^#
#..##^ #.. ##...^.
#.. # ##. ##.#.^


There were no monsters in sight!

Vanquished Creatures
  Saint Roka (Orc:2)
  Rupert (Orc:2)
  Frances (D:14)
  A tentacled starspawn (Abyss:3)
  Kirke (Lair:4)
  6 emperor scorpions
  A broodmother (Spider:2)
  An entropy weaver (Spider:3)
  A spark wasp (Spider:4)
  A red draconian (Volcano)
  A bunyip (D:14)
  A green death (Abyss:3)
  Josephine (Spider:1)
  Harold (D:9)
  A vault guard (D:13)
  Erolcha (D:10)
  10 hydras
  A centaur warrior (D:9)
  2 boulder beetles
  6 ogre magi
  2 catoblepae
  2 death knights
  27 two-headed ogres
  A deep troll shaman (Lair:6)
  15 death yaks
  2 thrashing horrors (Abyss:3)
  Nergalle (Lair:1)
  A sun demon (Abyss:3)
  A skeletal warrior (D:12)
  5 pharaoh ants
  3 sun moths
  9 orb spiders
  A steelbarb worm (Spider:4)
  2 phantasmal warriors (D:14)
  A lindwurm (Lair:6)
  2 orc knights (D:9)
  A deep elf pyromancer (D:14)
  A necromancer (D:13)
  7 ugly things
  3 orc sorcerers
  5 cyclopes
  5 manticores
  10 wolf spiders
  18 elephants
  2 black mambas
  A merfolk siren (Lair:3)
  4 torpor snails
  An orange demon (Abyss:3)
  A gargoyle (D:12)
  Joseph (D:8)
  A smoke demon (Abyss:3)
  12 cane toads
  2 large abominations (Abyss:3)
  Maggie (D:6)
  11 komodo dragons
  3 demonic crawlers
  2 unseen horrors
  Psyche (D:9)
  An efreet (D:14)
  A kobold demonologist (D:11)
  A freezing wraith (D:14)
  A tengu conjurer (D:15)
  A rime drake (Lair:1)
  12 meliai
  3 trolls
  A troll (shapeshifter) (D:13)
  A polar bear (Lair:6)
  17 tarantellas
  A hornet (Lair:3)
  3 raiju (Abyss:3)
  5 blink frogs (Lair:4)
  9 slime creatures (D:14)
  6 dream sheep (Lair:5)
  Grinder (D:6)
  13 jumping spiders
  11 culicivoras
  A flying skull (Abyss:3)
  A shadow (Abyss:3)
  6 wyverns
  A vampire (D:12)
  37 yaks
  A ynoxinul (Abyss:3)
  A water elemental (D:13)
  A basilisk (shapeshifter) (D:15)
  2 chaos spawn (Abyss:3)
  23 humans (D:13)
  7 wraiths
  2 steam dragons (D:7)
  A basilisk (Lair:1)
  A neqoxec (Abyss:3)
  53 redbacks
  6 vampire mosquitoes
  An acid dragon (D:8)
  2 small abominations (Abyss:3)
  6 wargs
  12 water moccasins
  Duvessa (D:7)
  4 ice beasts
  16 orc warriors
  A swamp drake (shapeshifter) (Abyss:3)
  A black bear (Lair:6)
  4 necrophages
  25 ogres
  26 wolves
  5 boggarts (D:15)
  11 centaurs
  2 kobold brigands
  3 wyvern zombies
  13 bullfrogs
  5 scorpions
  A water moccasin zombie (D:4)
  Dowan (D:7)
  A water moccasin skeleton (D:4)
  3 wights (D:8)
  11 killer bees
  8 electric eels
  4 howler monkeys
  A jelly (D:4)
  A bullfrog zombie (D:3)
  4 hounds
  4 centaur zombies
  2 bullfrog skeletons
  4 orc priests
  2 centaur skeletons
  An iguana (D:5)
  14 orc wizards
  7 hell rats (Lair:3)
  A hound zombie (D:4)
  A howler monkey zombie (D:8)
  Robin (D:2)
  A gnoll (D:4)
  5 river rats (Lair:3)
  7 adders
  A howler monkey simulacrum (D:9)
  An adder zombie (D:4)
  5 worms
  A dart slug (D:3)
  65 orcs
  14 ball pythons
  10 endoplasms
  5 giant cockroaches
  11 goblins
  19 hobgoblins
  3 quokkas
  6 bats
  4 frilled lizards (D:1)
  16 kobolds
  7 rats
  A spectral kobold (D:3)
832 creatures vanquished.

Vanquished Creatures (collateral kills)
  A centaur zombie (D:11)
1 creature vanquished.

Vanquished Creatures (others)
  A jumping spider (Spider:1)
  3 humans (Lair:4)
  A white imp (Abyss:3)
  A quokka (D:14)
  2 bushes
  6 foxfires (Spider:4)
  57 fungi
  105 plants
  2 starspawn tentacles (Abyss:3)
178 creatures vanquished.

Grand Total: 1011 creatures vanquished

Notes
Turn   | Place    | Note
-------+----------+-------------------------------------------
     0 | D:1      | Strat the Draconian Cinder Acolyte began the quest for the
                  | Orb.
     0 | D:1      | Reached XP level 1. HP: 19/19 MP: 2/2
   193 | D:1      | Found Macuraevov's Weapon Shoppe.
   322 | D:1      | Reached XP level 2. HP: 26/26 MP: 3/3
   327 | D:1      | Learned a level 2 spell: Scorch
   943 | D:2      | Reached XP level 3. HP: 22/31 MP: 4/4
  1228 | D:2      | Noticed Robin
  1300 | D:2      | Reached skill level 1 in Shields
  1339 | D:2      | Killed Robin
  1695 | D:2      | Reached XP level 4. HP: 34/38 MP: 5/5
  2930 | D:3      | Found a faded altar of an unknown god.
  3018 | D:3      | Reached XP level 5. HP: 37/45 MP: 6/6
  4401 | D:4      | Reached XP level 6. HP: 46/51 MP: 1/7
  4702 | D:4      | Noticed an orc warrior
  4702 | D:4      | Noticed an orc warrior
  5004 | D:4      | Killed an orc warrior
  5083 | D:4      | Reached skill level 5 in Long Blades
  5083 | D:4      | Reached skill level 5 in Shields
  5097 | D:4      | Your scales start taking on a lurid green colour.
  5097 | D:4      | Reached XP level 7. HP: 40/58 MP: 3/8
  5097 | D:4      | Gained mutation: Your system is resistant to poisons.
                  | (rPois) [Green Draconian growth]
  5278 | D:4      | Reached skill level 4 in Fighting
  5737 | D:4      | Found a blossoming altar of Fedhas.
  5762 | D:4      | Reached skill level 5 in Fighting
  5853 | D:5      | Entered Level 5 of the Dungeon
  5894 | D:5      | Learned a level 3 spell: Frozen Ramparts
  5900 | D:5      | Found a sparkling altar of Nemelex Xobeh.
  5972 | D:5      | Reached skill level 1 in Ice Magic
  5972 | D:5      | Reached XP level 8. HP: 54/68 MP: 1/9
  6129 | D:5      | Found a glowing silver altar of Zin.
  6616 | D:5      | Found Ceapsiuj's Armour Shop.
  7855 | D:6      | Noticed Maggie
  8023 | D:6      | Killed Maggie
  8244 | D:6      | Reached skill level 5 in Ice Magic
  8276 | D:6      | Noticed Grinder
  8296 | D:6      | Reached XP level 9. HP: 67/74 MP: 10/10
  8427 | D:6      | Killed Grinder
  8971 | D:7      | Reached skill level 10 in Long Blades
  9115 | D:7      | Found a staircase to the Ecumenical Temple.
  9612 | D:7      | Found a broken altar of Ashenzari.
  9666 | D:7      | Noticed Duvessa
  9666 | D:7      | Noticed Dowan
  9838 | D:7      | Killed Duvessa
  9839 | D:7      | Reached skill level 6 in Fighting
  9845 | D:7      | Killed Dowan
  9937 | D:7      | Found a bloodstained altar of Trog.
  9981 | D:7      | Found a radiant altar of Vehumet.
 10566 | D:8      | Noticed a troll
 10578 | D:8      | Killed a troll
 10579 | D:8      | Reached XP level 10. HP: 84/84 MP: 2/11
 10657 | D:8      | Reached skill level 7 in Fighting
 10823 | D:8      | Found a staircase to the Lair.
 10836 | D:8      | Noticed Joseph
 12031 | D:8      | Killed Joseph
 12032 | D:8      | Reached skill level 8 in Fighting
 12641 | D:9      | Noticed Harold
 12684 | D:9      | Killed Harold
 12685 | D:9      | Reached skill level 9 in Fighting
 13063 | D:9      | Noticed a two-headed ogre
 13074 | D:9      | Killed a two-headed ogre
 13303 | D:9      | Found a staircase to the Orcish Mines.
 13399 | D:9      | Reached skill level 10 in Fighting
 13804 | D:9      | Noticed Psyche
 13846 | D:9      | Killed Psyche
 13909 | D:9      | Upgraded the game from 0.28.0 to 0.28.0-1-gb440e238dd
 14353 | D:9      | Noticed a white ugly thing
 14751 | D:10     | Entered Level 10 of the Dungeon
 14788 | D:10     | Noticed Erolcha
 14801 | D:10     | Killed Erolcha
 14802 | D:10     | Reached XP level 11. HP: 86/101 MP: 1/12
 14911 | D:10     | Reached skill level 11 in Fighting
 14968 | D:10     | Found Nocant's Distillery.
 15595 | D:10     | Bought a potion of heal wounds for 75 gold pieces
 15976 | D:10     | Found a stormy altar of Qazlal.
 15996 | D:10     | Noticed a two-headed ogre
 16228 | D:10     | Killed a two-headed ogre
 16229 | D:10     | Reached skill level 12 in Fighting
 16687 | D:11     | Found a runed translucent gate.
 16687 | D:11     | Found a runed translucent gate.
 16687 | D:11     | Found a runed translucent gate.
 16688 | D:11     | Noticed a minotaur
 16688 | D:11     | Noticed a two-headed ogre
 16689 | D:11     | Noticed horus123's ghost (journeyman DrAE)
 16746 | D:11     | Found Zysu Orph's Antique Weapon Emporium.
 17152 | D:11     | Noticed a five-headed hydra
 17167 | D:11     | Killed a two-headed hydra
 17168 | D:11     | Reached skill level 1 in Dodging
 17392 | D:12     | Noticed a cyan ugly thing
 17908 | Lair:1   | Entered Level 1 of the Lair of Beasts
 18073 | Lair:1   | Noticed Gastronok
 18118 | Lair:1   | Noticed Nergalle
 18327 | Lair:1   | Reached XP level 12. HP: 109/111 MP: 13/13
 18586 | Lair:1   | Killed Nergalle
 18786 | Lair:1   | Identified the +9 glaive "Hosis" {flame, Str+3}
 19438 | Lair:1   | Noticed a four-headed hydra
 19466 | Lair:1   | Killed a one-headed hydra
 19467 | Lair:1   | Reached skill level 1 in Stealth
 19646 | Lair:2   | Reached skill level 5 in Dodging
 20252 | Lair:2   | Reached skill level 1 in Evocations
 20367 | Lair:2   | Found a hole to the Spider Nest.
 20849 | Lair:3   | Noticed a four-headed hydra
 20922 | Lair:3   | Found a staircase to the Shoals.
 21487 | Lair:3   | You fall into a shaft and drop 2 floors!
 21572 | Lair:5   | Identified the +0 robe of Ethics {Dex+4}
 21578 | Lair:4   | Noticed Snorg
 21578 | Lair:4   | Noticed a death yak
 21578 | Lair:4   | Noticed a death yak
 21578 | Lair:4   | Noticed a six-headed hydra
 21579 | Lair:4   | Noticed a death yak
 21579 | Lair:4   | Noticed an eight-headed hydra
 21591 | Lair:5   | Noticed a catoblepas
 21870 | Lair:5   | Killed a three-headed hydra
 21914 | Lair:5   | Noticed a seven-headed hydra
 22092 | Lair:5   | Reached skill level 5 in Stealth
 22401 | Lair:3   | Killed a one-headed hydra
 22402 | Lair:3   | Reached skill level 5 in Evocations
 22402 | Lair:3   | Reached XP level 13. HP: 105/119 MP: 7/14
 22922 | Lair:4   | Noticed Kirke
 24058 | Lair:4   | Killed Kirke
 24184 | Lair:4   | Found a runed translucent door.
 25085 | Lair:5   | Found a staircase to the Slime Pits.
 27452 | Lair:6   | Entered Level 6 of the Lair of Beasts
 27478 | Lair:6   | Found a dark tunnel.
 27487 | Volcano  | Entered a volcano
 27741 | Volcano  | Noticed a red draconian
 27754 | Volcano  | Killed a red draconian
 27755 | Volcano  | Reached skill level 10 in Dodging
 27805 | Volcano  | Gained mutation: Your tail ends in a venomous barb. [Green
                  | Draconian growth]
 27805 | Volcano  | Reached XP level 14. HP: 127/127 MP: 15/15
 28058 | Lair:6   | Reached skill level 10 in Evocations
 28129 | Lair:6   | Reached skill level 13 in Fighting
 28935 | Lair:6   | Reached skill level 14 in Fighting
 30178 | Lair:6   | Got the Guide on Ashen Poisoning
 30332 | Lair:1   | Reached skill level 15 in Fighting
 30855 | Orc:1    | Entered Level 1 of the Orcish Mines
 31482 | Orc:2    | Entered Level 2 of the Orcish Mines
 31539 | Orc:2    | Found Wuawioz's Assorted Antiques.
 31758 | Orc:2    | Bought a scroll of teleportation for 102 gold pieces
 31954 | Orc:2    | Learned a level 4 spell: Animate Dead
 32050 | Orc:2    | Noticed Saint Roka
 32077 | Orc:2    | Reached skill level 1 in Necromancy
 32082 | Orc:2    | Noticed Rupert
 32196 | Orc:2    | Killed Saint Roka
 32197 | Orc:2    | Reached skill level 16 in Fighting
 32782 | Orc:2    | Reached skill level 5 in Necromancy
 32994 | Orc:2    | Found Cocreoj's Armour Shop.
 32994 | Orc:2    | Found Ydghyeci's Armour Shoppe.
 33008 | Orc:2    | Found Ymeapil's General Store.
 33008 | Orc:2    | Found Upurph's Weapon Shop.
 33068 | Orc:2    | Reached XP level 15. HP: 116/145 MP: 12/16
 33359 | Orc:2    | Killed Rupert
 33484 | Orc:2    | Found a staircase to the Elven Halls.
 33582 | Orc:2    | Bought a +1 pair of gloves of strength for 214 gold pieces
 33582 | Orc:2    | Bought a +1 kite shield of reflection for 175 gold pieces
 33595 | Orc:2    | Bought a potion of curing for 30 gold pieces
 33870 | D:9      | Reached skill level 17 in Fighting
 33931 | D:9      | Identified the amulet "Texkel" {Acrobat Regen+ Stlth+}
 33937 | D:9      | Got the Handbook of the Earthen Compass
 34292 | D:12     | Learned a level 4 spell: Anguish
 34542 | D:12     | Reached skill level 1 in Hexes
 34891 | D:12     | Identified the +5 whip "Urch" {vamp, rN+ Will+ rCorr Dex+4}
 36664 | D:13     | Found a gate to the Vaults.
 36745 | D:14     | Found Wah Ewua's Jewellery Boutique.
 37067 | D:14     | Noticed Louise
 37374 | D:14     | Found a white marble altar of Elyvilon.
 37408 | D:14     | Noticed Frances
 37531 | D:14     | Cast into level 3 of the Abyss (Louise)
 37581 | Abyss:3  | Noticed a Hell Sentinel
 37606 | Abyss:3  | Noticed a lich
 37969 | Abyss:3  | Noticed a Hell Sentinel
 38048 | Abyss:3  | Noticed a tentacled starspawn
 38063 | Abyss:3  | Killed a tentacled starspawn
 38325 | Abyss:3  | Noticed a tentacled starspawn
 38327 | Abyss:3  | Gained mutation: You are frail. (-10% HP) [a neqoxec]
 38329 | Abyss:3  | Gained mutation: You are dopey. (Int -2) [a neqoxec]
 38334 | D:14     | Escaped the Abyss
 38350 | D:15     | Entered Level 15 of the Dungeon
 38350 | D:15     | Found a snail-covered altar of Cheibriados.
 38474 | D:15     | Lost mutation: You are dopey. (Int -2) [potion of mutation]
 38474 | D:15     | Lost mutation: You are frail. (-10% HP) [potion of
                  | mutation]
 38474 | D:15     | Gained mutation: You passively map a small area around you.
                  | [potion of mutation]
 38474 | D:15     | Gained mutation: You have hidden genetic defects. [potion
                  | of mutation]
 38474 | D:15     | Gained mutation: You expend magic power (3 MP) to
                  | strengthen your wands. [potion of mutation]
 38718 | D:15     | Found a shimmering blue altar of Sif Muna.
 38798 | D:15     | Paralysed by an ogre mage for 3 turns
 39452 | D:15     | Gained mutation: Potions are less effective at restoring
                  | your health. [hidden defects]
 39456 | D:15     | Identified the +0 scale mail of Tallur {Regen+}
 39516 | D:14     | Lost mutation: You passively map a small area around you.
                  | [potion of mutation]
 39516 | D:14     | Lost mutation: You have hidden genetic defects. [potion of
                  | mutation]
 39516 | D:14     | Lost mutation: You expend magic power (3 MP) to strengthen
                  | your wands. [potion of mutation]
 39516 | D:14     | Gained mutation: Your body sometimes deteriorates upon
                  | taking damage. [potion of mutation]
 39516 | D:14     | Gained mutation: You are weak. (Str -2) [potion of
                  | mutation]
 39617 | D:14     | Noticed Louise
 39617 | D:14     | Louise changed into Louise the bunyip
 39624 | D:14     | Killed Louise the bunyip
 39692 | D:14     | Killed Frances
 40253 | Spider:1 | Entered Level 1 of the Spider Nest
 40314 | Lair:2   | Reached skill level 10 in Shields
 40422 | Spider:1 | Noticed an emperor scorpion
 40453 | Spider:1 | Killed an emperor scorpion
 40454 | Spider:1 | Reached XP level 16. HP: 29/155 MP: 11/17
 40894 | Spider:1 | Noticed Josephine
 40915 | Spider:1 | Killed Josephine
 41291 | Spider:1 | Noticed Aizul
 41870 | Spider:1 | Found a runed translucent gate.
 41870 | Spider:1 | Found a runed translucent gate.
 41870 | Spider:1 | Found a runed translucent gate.
 43160 | Spider:3 | Identified the +1 pair of gloves "Duenaleu" {Harm rF-
                  | Int+3}
 44104 | Spider:4 | Entered Level 4 of the Spider Nest
 44483 | Spider:4 | Noticed Arachne
 44873 | Spider:4 | Found the +5 robe of Night {Dark Will+ SInv}
 44932 | Spider:4 | HP: 5/155 [something (4)]
 44933 | Spider:4 | Slain by a ghost moth

Illustrated notes

Levels and vault maps discovered:
D:1:      dpeg_arrival_round_c, layout_rooms, serial_shops, shop
D:2:      layout_loops_ring, uniq_robin
D:3:      layout_loops_ring, dreamdust_ecumenical_altar_drowned_temple,
          minmay_shallow_snake_nest
D:4:      layout_gridville, fedhas_altar_decomposition, hangedman_decor_lopped,
          minmay_divided_ellipse
D:5:      layout_layer_cave, grunt_temple_overflow_open, serial_shops, shop
D:6:      layout_rooms, uniq_grinder, uniq_maggie
D:7:      layout_rooms, kennysheep_little_box, kennysheep_mini,
          marbit_many_paths, minmay_temple_entry_slanted, uniq_duvessa
D:8:      layout_basic, erik_lair_island, uniq_joseph
D:9:      layout_layer_cave, hiddenorc1_lemuel, minmay_diamond_spiral,
          uniq_psyche, uniq_harold
D:10:     layout_basic, mainiacjoe_overflow_brackets, serial_shops, shop,
          uniq_erolcha
D:11:     layout_basic, serial_shops, shop, maelrawn_ghost_gauntlet_escape
D:12:     layout_irregular_city
D:13:     layout_roguey, grunt_vaults_entry_tiered, serial_bayou_ford_a
D:14:     layout_long_grid, elyvilon_altar_4, st_stairs_8,
          nicolae_stop_n_shop_1, uniq_louise, uniq_frances
D:15:     gammafunk_enter_depths_forms, layout_cave_pools, cheibriados_altar_1,
          chequers_serial_rivers_micro_d, led_sif_pool
Lair:1:   layout_chaotic_city, pond, grunt_megastairs_2, uniq_nergalle,
          uniq_gastronok
Lair:2:   layout_cave_pods, spider_nest_entry_web_field, gauntlet_entry_generic,
          chequers_serial_rivers_large_a, serial_bayou_crossing
Lair:3:   layout_chaotic_city, minmay_shoals_entry_lonely_mermaid,
          kennysheep_abandoned_house, infiniplex_staircase_pool_2
Lair:4:   gammafunk_mikee_crab_dinner, layout_cellular_growth,
          nicolae_quartered_pool_little, uniq_kirke, uniq_snorg
Lair:5:   layout_gridlike, minmay_slime_entry_oklob_enclosed, lemuel_fruit_tree,
          serial_bayou_shore_a, grunt_megastairs_1
Lair:6:   grunt_lair_end_beastmaster, layout_misc_corridors, enter_volcano_2,
          infiniplex_staircase_pool
Spider:1: layout_spider_delve, gammafunk_ghost_tricky_traps, uniq_mlioglotl,
          uniq_aizul, uniq_josephine
Spider:2: layout_spider_delve, guppyfry_spider_mini_1
Spider:3: layout_spider_delve
Spider:4: spider_rune_water, nicolae_spider_scorpion_nest, uniq_arachne
Orc:1:    layout_diamond_mine, uniq_sonja
Orc:2:    st_orc_ogre_mass, layout_caves, serial_shops, shop, uniq_rupert,
          uniq_saint_roka

Skill      XL: |  1  2  3  4  5  6  7  8  9 10 11 12 13 14 15 16 |
---------------+-------------------------------------------------+-----
Shields        | 1 3 4 5 10 14 | 14.6
Fire Magic     | 4 |  4.0
Long Blades    | 4 5 6 8 10 12 14 | 14.0
Fighting       | 5 6 10 12 16 17 | 17.0
Ice Magic      | 1 5 6 7 |  7.7
Dodging        | 3 6 10 | 10.0
Stealth        | 5 |  5.0
Evocations     | 5 9 10 | 10.0
Necromancy     | 5 |  5.9
Hexes          | 2 |  2.6
Spellcasting   | 3 |  3.0

Action                   |  1- 3 |  4- 6 |  7- 9 | 10-12 | 13-15 | 16-18 || total
-------------------------+-------+-------+-------+-------+-------+-------++-------
Melee: Falchion          |   163 |   153 |   268 |   435 |    36 |       ||  1055
       Tailslap          |    13 |    22 |    50 |   124 |   339 |    93 ||   641
       Punch             |     1 |       |       |       |       |       ||     1
       Long sword        |       |       |       |   198 |  1148 |       ||  1346
       Scimitar          |       |       |       |       |   362 |   552 ||   914
 Fire: Hunting sling     |    10 |       |       |     1 |       |       ||    11
Throw: Stone             |       |       |       |       |     8 |     2 ||    10
 Cast: Scorch            |     5 |    31 |    62 |    66 |     6 |       ||   170
       Frozen Ramparts   |       |       |     3 |    66 |   154 |    46 ||   269
Invok: Foxfire Swarm     |       |       |       |       |       |     1 ||     1
 Abil: Breathe Noxious F |       |       |    14 |    42 |    36 |     8 ||   100
Evoke: Wand              |       |     5 |     4 |    18 |    28 |     4 ||    59
  Use: Scroll            |       |    12 |       |    17 |    16 |     5 ||    50
       Potion            |       |       |       |     4 |    15 |     7 ||    26
 Stab: Paralysed         |       |     7 |     3 |       |     8 |       ||    18
       Confused          |       |       |    15 |    41 |    19 |     6 ||    81
       Distracted        |       |       |       |     1 |     5 |       ||     6
       Sleeping          |       |       |       |     2 |     9 |    11 ||    22
       Invisible         |       |       |       |       |     8 |       ||     8
Armor: Skin              |    76 |    57 |    81 |   134 |   201 |   162 ||   711
Dodge: Dodged            |    82 |    69 |   130 |   338 |   926 |   414 ||  1959
Block: Buckler           |    10 |    31 |    60 |   197 |   390 |       ||   688
       Reflection        |       |       |       |       |     9 |     1 ||    10
       Kite shield       |       |       |       |       |   237 |   439 ||   676
